 Dungeon Crawl Stone Soup version 0.31-a0-1082-g7d1fb776a8 (webtiles) character file.

Game seed: 17156765218829246294

145 thfrgi the Grave Robber (level 5, -8/35 HPs)
             Began as a Mummy Necromancer on Nov 27, 2023.
             Killed by divine providence
             ... invoked by an orc priest
              (14 damage)
             ... on level 3 of the Dungeon.
             The game lasted 00:10:05 (2331 turns).

thfrgi the Grave Robber (Mummy Necromancer)         Turns: 2331, Time: 00:10:06

Health: -8/35      AC:  2    Str: 12    XL:     5   Next: 6%
Magic:  1/11       EV: 12    Int: 16    God:
Gold:   163        SH:  0    Dex: 12    Spells: 12/13 levels left

rFire   x . .        b - +0 dagger
rCold   + . .        (no shield)
rNeg    + + +        a - +0 robe
rPois   ∞            (no helmet)
rElec   .            (no cloak)
rCorr   +            (no gloves)
SInv    .            (no boots)
Will    .....        (no amulet)
Stlth   ++           f - ring of resist corrosion
HPRegen 0.25/turn    (no ring)
MPRegen 0.12/turn

%: faith
@: no status effects
A: cold resistance 1, negative energy resistance 3, torment resistance 2, heat
vulnerability 1, in touch with death 1, no potions, faith
a: no special abilities


You were on level 3 of the Dungeon.
You visited 1 branch of the dungeon, and saw 3 of its levels.

You collected 163 gold pieces.

Inventory:

Hand Weapons
 b - a +0 dagger (weapon)
Armour
 a - a +0 robe (worn)
 g - the +5 chain mail "Ticunaro" {+Inv}
   (You found it on level 3 of the Dungeon)

   +Inv:      It lets you turn invisible.
Jewellery
 f - a ring of resist corrosion (left hand)
Wands
 c - a wand of polymorph (12)
Scrolls
 d - a scroll of identify
 e - a scroll of torment


   Skills:
 + Level 2.2 Dodging
 + Level 2.3 Stealth
 * Level 4.5 Spellcasting
 * Level 4.8 Necromancy


You had 12 spell levels left.
You knew the following spells:

 Your Spells              Type           Power      Damage    Failure   Level
a - Necrotise             Necr           100%       1d9       2%          1

Your spell library contained the following spells:

 Spells                   Type           Power      Damage    Failure   Level
 Vampiric Draining        Necr           28%        2d8       6%          3
 Animate Dead             Necr           28%        N/A       22%         4
 Agony                    Necr           28%        N/A       52%         5


Dungeon Overview and Level Annotations

Branches:
Dungeon (3/15)

Altars:


Innate Abilities, Weirdness & Mutations

You are immune to poison.
Your flesh is cold resistant. (rC+)
You are immune to negative energy. (rN+++)
You are immune to unholy pain and torment.
You are vulnerable to heat. (rF-)
You are in touch with the powers of death.
You do not drink.
You have a special connection with the divine. (Faith)


Message History

Aim: an orc, wielding a +0 club (almost dead, chance to affect: 93%)
You feel a surge of power!
The orc writhes in agony!
You kill the orc!
The dead are walking!
The orc priest mumbles some strange prayers to Beogh against you.
Beogh smites you!
You swap places.
The orc priest hits your orc skeleton with a +0 club.
You see here 6 stones.
Your orc skeleton hits the orc priest.
The orc priest barely misses your orc skeleton.
Your hobgoblin skeleton hits the orc priest.
Casting: Necrotise (safe; 2% risk of failure)
Confirm with . or Enter, or press ? or * to list all spells.
Aiming: Necrotise (safe; 2% risk of failure)
Press: ? - help, Shift-Dir - straight line, f - orc
Aim: an orc, wielding a +0 club and wearing a +0 chain mail (chance to affect: 93%)
You feel a surge of power!
The orc writhes in agony.
The orc priest hits your orc skeleton with a +0 club.
Your orc skeleton hits the orc priest but does no damage.
Your hobgoblin skeleton barely misses the orc priest.
Unknown command.
Casting: Necrotise (safe; 2% risk of failure)
Confirm with . or Enter, or press ? or * to list all spells.
Aiming: Necrotise (safe; 2% risk of failure)
Press: ? - help, Shift-Dir - straight line, f/p - orc
Aim: an orc, wielding a +0 club and wearing a +0 chain mail (lightly wounded, chance to affect: 93%)
You feel a surge of power!
The orc writhes in agony!
You kill the orc!
The dead are walking!
The orc priest mumbles some strange prayers to Beogh against you.
Beogh smites you!
* * * LOW HITPOINT WARNING * * *
Your orc skeleton closely misses the orc priest.
Your hobgoblin skeleton barely misses the orc priest.
The orc priest hits your orc skeleton with a +0 club!
Your orc skeleton is destroyed!
The orc priest calls down the wrath of Beogh upon you.
Beogh smites you!
You die...

#.#..#.## #..#.<.#
##.##†.# #.##.!#
#.##..# #.##..##
#### #.##...#
#...##
#.###..####Z.%..##
#.##.)@..).Zo....#
#.##)#####).......
#.##)# #........
#.##.# ##.......
#..#.# ......#
##.#.# .......
#.#.# ...[...
#.#.# .....#.
#.#.#


You could see an orc priest (ally target), a friendly hobgoblin skeleton and a
friendly orc skeleton.

Vanquished Creatures
  An orc priest (D:3)
  An orc wizard (D:3)
  An adder (D:2)
  2 worms (D:2)
  2 dart slugs (D:2)
  3 orcs (D:3)
  7 endoplasms
  3 giant cockroaches
  8 hobgoblins
  7 jackals
  6 quokkas
  3 ball pythons
  2 bats (D:1)
  2 frilled lizards (D:1)
  4 goblins
  4 kobolds
  4 rats
60 creatures vanquished.

Vanquished Creatures (collateral kills)
  An endoplasm (D:2)
  A giant cockroach (D:1)
  A goblin (D:1)
3 creatures vanquished.

Grand Total: 63 creatures vanquished

Notes
Turn   | Place    | Note
-------+----------+-------------------------------------------
     0 | D:1      | thfrgi the Mummy Necromancer began the quest for the Orb.
     0 | D:1      | Reached XP level 1. HP: 13/13 MP: 4/4
   108 | D:1      | Reached XP level 2. HP: 14/19 MP: 0/6
   678 | D:1      | Reached XP level 3. HP: 24/24 MP: 5/7
  1688 | D:2      | Reached XP level 4. HP: 28/30 MP: 9/9
  2178 | D:3      | Identified the +5 chain mail "Ticunaro" {+Inv}
  2306 | D:3      | Reached XP level 5. HP: 30/35 MP: 3/11
  2331 | D:3      | Killed from afar by an orc priest

Illustrated notes

Levels and vault maps discovered:
D:1:      dpeg_arrival_water_temple_mockup, layout_loops_ring,
          minmay_tiny_reverse_x
D:2:      layout_basic, hangedman_decor_riveting
D:3:      layout_rooms, mainiacjoe_overflow_alcove_4,
          nicolae_overflow_ecumenical_swirl, general_overflow_altar, hex_medium,
          saegor_snake_ambush

Skill      XL: |  1  2  3  4 |
---------------+-------------+-----
Spellcasting   | 3 4 |  4.5
Dodging        | 2 |  2.2
Stealth        | 2 |  2.3
Necromancy     | |  4.8

Action                     |  1- 3 |  4- 6 || total
---------------------------+-------+-------++-------
  Melee: Dagger            |    88 |    12 ||   100
         Unarmed           |     3 |       ||     3
         Punch             |     1 |     1 ||     2
   Cast: Necrotise         |    49 |    27 ||    76
    Use: Scroll            |     2 |     2 ||     4
   Stab: Sleeping          |     5 |     1 ||     6
 Armour: Robe              |    48 |    12 ||    60
  Dodge: Dodged            |    70 |    13 ||    83

Table legend: (Time is in decaauts)
 A = Elapsed time spent in this place.
 B = Non-inter-level travel time spent in this place.
 C = Inter-level travel time spent in this place.
 D = Time resting spent in this place.
 E = Time spent auto-exploring this place.
 F = Levels seen in this place.
 G = Mean time per level.
                   A        B        C        D        E       F      G
               +--------+--------+--------+--------+--------+-----+--------+
         Total |   2329 |   2259 |     70 |      0 |   1654 |   3 |  776.3 |
       Dungeon |   2329 |   2259 |     70 |      0 |   1654 |   3 |  776.3 |
               +--------+--------+--------+--------+--------+-----+--------+

Top non-repeatable levels by time:
     D:1: 1117 daAuts
     D:2: 1022 daAuts
     D:3: 189 daAuts
